 Dungeon Crawl Stone Soup version 0.26-a0-639-g72c4674329 (webtiles) character file.

Game seed: 9390525180438607085

25 MrRokkomies the Sneak (level 2, -1/26 HPs)
             Began as a Demigod Delver on Sept 16, 2020.
             Hit by a boomerang thrown by an orc (5 damage)
             ... on level 4 of the Dungeon.
             The game lasted 00:02:14 (310 turns).

MrRokkomies the Sneak (Demigod Delver)               Turns: 310, Time: 00:02:14

Health: -1/26      AC:  3    Str: 15    XL:     2   Next: 66%
Magic:  0/4        EV: 12    Int: 14    God:
Gold:   0          SH:  0    Dex: 17    Spells: 1/1 levels left

rFire    . . .     SeeInvis .   a - +0 falchion
rCold    . . .     Faith    .   (no shield)
rNeg     . . .     Spirit   +   b - +0 leather armour
rPois    .         Reflect  .   (no helmet)
rElec    .         Harm     .   (no cloak)
rCorr    .         Rampage  .   (no gloves)
MR       .....                  (no boots)
Stlth    +++.......             l - amulet of guardian spirit
HPRegen  0.08/turn              (no ring)
MPRegen  0.09/turn              (no ring)

@: no status effects
A: high mp 1
a: no special abilities


You were on level 4 of the Dungeon.
You visited 1 branch of the dungeon, and saw 2 of its levels.

Inventory:

Hand Weapons
 a - a +0 falchion (weapon)
Armour
 b - a +0 leather armour (worn)
Jewellery
 l - an amulet of guardian spirit (around neck)
Wands
 d - a wand of random effects (1)
 g - a wand of digging (3)
Scrolls
 c - a scroll of fog
 h - a scroll of identify {unknown}
 i - a scroll of teleportation {unknown}
 j - a scroll of remove curse {unknown}
Potions
 f - 2 potions of haste
 k - a potion of curing {unknown}


   Skills:
 * Level 3.1 Fighting
 * Level 2.3 Long Blades
 + Level 2.1 Dodging
 - Level 4.5 Stealth
 + Level 0.2 Spellcasting


You had one spell level left.
You didn't know any spells.
Your spell library contained the following spells:

 Spells                   Type           Power        Failure   Level
 Summon Small Mammal      Summ           #...         34%         1
 Call Imp                 Summ           #.......     47%         2
 Call Canine Familiar     Summ           #.......     71%         3
 Summon Guardian Golem    Hex/Summ       #.......     71%         3
 Summon Ice Beast         Ice/Summ       #.......     98%         4
 Summon Lightning Spire   Summ/Air       #.......     98%         4


Dungeon Overview and Level Annotations

Branches:
Dungeon (5/15)
 Temple: D:4-7

Portals:
Sewer: D:4


Innate Abilities, Weirdness & Mutations

You have an increased reservoir of magic. (+10% MP)


Message History

The magic dart hits you!
* * * LOW HITPOINT WARNING * * *
The orc throws a boomerang.
The boomerang hits you.
* * * LOW HITPOINT WARNING * * *
The weapon returns to the orc!
The bat hits you but does no damage. The bat closely misses you.
The orc throws a boomerang.
The boomerang barely misses you.
The weapon returns to the orc!
Things that are here:
a +0 short sword; a +0 leather armour The bat barely misses you.
You riposte.
You closely miss the bat.
The bat is moderately wounded.
The bat barely misses you. The bat hits you but does no damage.
The bat barely misses you.
You riposte.
You closely miss the bat.
The bat is moderately wounded.
The bat barely misses you.
You riposte.
You barely miss the bat.
The bat is moderately wounded.
The bat misses you.
The orc throws a boomerang.
The boomerang hits you.
You die...

*,,*,≈≈.....≈≈..# *..*
**,*,≈≈.....≈≈..# #.#*
*,,,...≈\..≈≈$.# ##.#
***,≈≈....o≈≈..### #..##**
*,≈≈...≈.≈≈.o..#####...,,,
*,*#≈≈≈≈≈##)##....##..#***
*,##≈≈≈≈≈##o.####.##..#
*,........b..# #..#†.####
*,**####.@...# ##........
*,,****#.....# ##><####.
**......###.## ###..####.
*#####.,,..#***#.........
#***#..,,*..#.......
#.##...#........
*#.#,..##.#......
***,..,...#.#......
***,,,***.....#......


You could see 2 orc wizards, an orc and a bat.

Vanquished Creatures
  2 adders (D:4)
  A worm (D:4)
  An orc (D:4)
  A ball python (D:4)
  A frilled lizard (D:4)
6 creatures vanquished.

Notes
Turn   | Place    | Note
-------+----------+-------------------------------------------
     0 | D:5      | MrRokkomies the Demigod Delver began the quest for the Orb.
     0 | D:5      | Reached XP level 1. HP: 18/18 MP: 3/3
    76 | D:4      | Noticed a worker ant
   275 | D:4      | Reached XP level 2. HP: 15/26 MP: 4/4
   290 | D:4      | Found a glowing drain.
   310 | D:4      | Hit by a boomerang thrown by an orc

Illustrated notes

Levels and vault maps discovered:
D:4:      layout_rooms, cheibrodos_sewer_entry_sluice, nrook_uturn, uniq_edmund
D:5:      layout_layer_cave, minmay_temple_entry_large_hall, tso_metal_star

Skill      XL: |  1 |
---------------+----+-----
Long Blades    | 2 |  2.3
Dodging        | 2 |  2.1
Fighting       | 3 |  3.1
Stealth        | |  4.5
Spellcasting   | |  0.2

Action                   || total
-------------------------++-------
Melee: Falchion          ||    16
Evoke: Wand              ||     8
  Use: Scroll            ||     2
Armor: Leather armour    ||     4
Dodge: Dodged            ||    27
       Rpst.: Falchion   ||    11

Table legend: (Time is in decaauts)
 A = Elapsed time spent in this place.
 B = Non-inter-level travel time spent in this place.
 C = Inter-level travel time spent in this place.
 D = Time resting spent in this place.
 E = Time spent auto-exploring this place.
 F = Levels seen in this place.
 G = Mean time per level.
                   A        B        C        D        E       F      G
               +--------+--------+--------+--------+--------+-----+--------+
         Total |    313 |    292 |     21 |    154 |     28 |   2 |  156.5 |
       Dungeon |    313 |    292 |     21 |    154 |     28 |   2 |  156.5 |
               +--------+--------+--------+--------+--------+-----+--------+

Top non-repeatable levels by time:
     D:4: 245 daAuts
     D:5: 68 daAuts
